AoeStats
← CompaChuy

Coastal Forest

503531908Analyzed
4v4 RM · 1mo ago on Sep 1, 2026· 23m 42s· 8 players
Game mode
Random Map
Map size
Large (8 player)
Population
200
Speed
Normal
Resources
Standard
Victory
Conquest
Starting age
Dark Age
Ending age
Imperial Age
RankedLock teamsTeams togetherTeam positionsShared explorationLock speedFull tech treeHidden civsTurbo modeCheats
Victory
Defeat
🇺🇸 Japanese · United States
1072
+13
🇨🇱 Slavs · Chile
1046
+14
🇨🇱 Burmese · Chile
1024
+15
🇨🇱 Mongols · Chile
960
+18
🇲🇽 Khmer · Mexico
1020
-16
🇲🇽 Italians · Mexico
1018
-16
🇨🇳 Poles · China
1004
-15
🇨🇴 Sicilians · Colombia
986
-40
AntonioMX
5:14 Loom
10:58 Feudal Age
12:12 Double-Bit Axe
18:55 Castle Age
17:15 Fletching
18:02 Horse Collar
CompaChuy
11:33 Feudal Age
17:52 Castle Age
17:29 Forging
17:51 Bloodlines
18:28 Scale Barding Armor
378080739
0:48 Loom
11:59 Feudal Age
17:29 Horse Collar
17:42 Gold Mining
17:45 Double-Bit Axe
20:43 Castle Age
cristianalarconcalderon
5:41 Loom
12:30 Feudal Age
15:12 Double-Bit Axe
20:51 Castle Age
KING SHADOW
7:07 Loom
10:36 Feudal Age
11:05 Double-Bit Axe
12:05 Man-at-Arms
15:19 Scale Mail Armor
16:01 Forging
17:08 Wheelbarrow
21:39 Castle Age
20:27 Fishing Lines
22:08 Long Swordsman
23:12 Chain Mail Armor
23:19 Gold Mining
24:10 Iron Casting
LA PRESION II
0:35 Loom
10:45 Feudal Age
10:52 Man-at-Arms
15:34 Double-Bit Axe
16:37 Padded Archer Armor
17:34 Fletching
Shaggy
7:07 Loom
10:46 Feudal Age
11:59 Man-at-Arms
20:29 Horse Collar
22:44 Wheelbarrow
23:38 Forging
26:15 Castle Age
zesar434
6:35 Loom
10:35 Feudal Age
11:07 Double-Bit Axe
12:48 Horse Collar
13:37 Gold Mining
18:33 Wheelbarrow
22:35 Castle Age
20:48 Stone Mining
23:02 Scale Barding Armor
24:12 Chain Barding Armor
24:04 Forging
24:32 Bloodlines
Connection lost

Rejoining the realm…

Still unreachable

The connection could not be restored.

Session expired

The server has moved on; the page needs a fresh start.